 Dungeon Crawl Stone Soup version 0.31.0-11-ge490571c62 (webtiles) character file.

Game seed: 2165859618832652437

219 Gadfly the Ruffian (level 5, -3/38 HPs)
             Began as a Demonspawn Shapeshifter on Jan 27, 2024.
             Incinerated by a bombardier beetle (8 damage)
             ... with a burning spray
             ... on level 3 of the Dungeon.
             The game lasted 00:03:36 (2869 turns).

Gadfly the Ruffian (Demonspawn Shapeshifter)        Turns: 2869, Time: 00:03:37

Health: -3/38      AC:  4    Str: 16    XL:     5   Next: 64%
Magic:  5/5        EV: 13    Int: 10    God:
Gold:   95         SH:  0    Dex: 13    Spells: 4/4 levels left

rFire   . . .        b - +3 spear (vamp)
rCold   . . .        (no shield)
rNeg    . . .        a - +0 animal skin
rPois   .            (helmet currently unavailable)
rElec   .            e - melded +0 cloak
rCorr   .            (gloves currently unavailable)
SInv    .            (boots currently unavailable)
Will    .....        (no amulet)
Stlth   +            (no ring)
HPRegen 0.26/turn    (no ring)
MPRegen 0.09/turn

%: no passive effects
@: on fire, beast-form, slowed, glowing, very slow
A: beast (slay +1), thin metallic scales 1
a: Begin Untransformation


You were on level 3 of the Dungeon.
You were a hulking beast.
You visited 1 branch of the dungeon, and saw 3 of its levels.

You collected 95 gold pieces.

Inventory:

Hand Weapons
 b - a +3 vampiric spear (weapon)
 f - a +1 short sword of draining
Armour
 a - a +0 animal skin (worn)
 e - a +0 cloak (melded)
Talismans
 c - a beast talisman (active)
 d - a flux talisman
Scrolls
 l - 2 scrolls of identify
 o - 2 scrolls of poison
 p - a scroll of fear {unknown}
 q - a scroll of amnesia {unknown}
 r - a scroll of brand weapon
Potions
 g - a potion of lignification
 h - 2 potions of heal wounds {unknown}
 i - a potion of ambrosia
 j - a potion of brilliance
 k - a potion of magic {unknown}
 m - a potion of might {unknown}
 n - 3 potions of berserk rage {unknown}


   Skills:
 + Level 2.2 Fighting
 * Level 3.1 Dodging
 + Level 3.3 Unarmed Combat
 * Level 2.7 Evocations
 + Level 3.2 Shapeshifting


You had 4 spell levels left.
You didn't know any spells.
Your spell library contained the following spells:

 Spells                   Type           Power      Damage    Failure   Level
 Freeze                   Ice            0%         1d3       36%         1
 Frozen Ramparts          Ice            0%         1d1       75%         3
 Hailstorm                Conj/Ice       0%         3d5       75%         3


Dungeon Overview and Level Annotations

Branches:
Dungeon (3/15)

Altars:
Yredelemnul

Shops:
D:1 (   D:2 (


Innate Abilities, Weirdness & Mutations

You are a hulking beast.
Your limbs bulge with bestial killing power. (Slay +1)
You are partially covered in thin metallic scales. (AC +2)


Message History

The cerulean imp hits you from afar with a +4 spear.
Natasha claws you.
The cerulean imp hits you from afar with a +4 spear.
You puncture Natasha!
You feel better.
You punch Natasha.
You kill Natasha!
Natasha screams in fury as she dies!
The cerulean imp disappears in a puff of smoke!
The bombardier beetle sprays incendiary fluid at you.
The burning spray hits you.
You are covered in liquid fire!
You reach to attack!
You hit the bombardier beetle.
You feel better.
The bombardier beetle is moderately wounded.
The liquid fire burns you!
The bombardier beetle sprays incendiary fluid at you.
The burning spray hits you.
You are even more covered in liquid fire!
You shake off some of the fire as you move.
The liquid fire burns you!
The bombardier beetle sprays incendiary fluid at you.
The burning spray misses you.
Things that are here:
the felid corpse of Natasha; a rat corpse You are on fire!
You hit the bombardier beetle.
You feel better.
The bombardier beetle is severely wounded.
The liquid fire burns you!
The bombardier beetle bites you but does no damage.
You completely miss the bombardier beetle.
The bombardier beetle is severely wounded.
The liquid fire burns you!
* * * LOW HITPOINT WARNING * * *
The bombardier beetle bites you.
* * * LOW HITPOINT WARNING * * *
You hit the bombardier beetle.
You feel better.
You kill the bombardier beetle!
The liquid fire burns you!
* * * LOW HITPOINT WARNING * * *
You shake off some of the fire as you move.
The liquid fire burns you!
You die...

# # # # #. #
#.###########
#...........#
###..######.#
#.†.# #.# #.h.#
#.# ##..# #.#
..... #.#
#########.#
#.......#########
#............>...
#.###############
###


There were no monsters in sight!

Vanquished Creatures
  2 bombardier beetles (D:3)
  Natasha (D:3)
  A hound zombie (D:3)
  3 adders
  3 dart slugs
  3 ribbon worms (D:2)
  5 orcs (D:3)
  4 bats
  9 endoplasms
  5 giant cockroaches
  4 goblins
  8 hobgoblins
  5 quokkas
  A ball python (D:1)
  A ball python zombie (D:3)
  7 kobolds
  A quokka zombie (D:3)
  7 rats
70 creatures vanquished.

Notes
Turn   | Place    | Note
-------+----------+-------------------------------------------
     0 | D:1      | Gadfly the Demonspawn Shapeshifter began the quest for the
                  | Orb.
     0 | D:1      | Reached XP level 1. HP: 15/15 MP: 1/1
   161 | D:1      | Gained mutation: You are partially covered in thin metallic
                  | scales. (AC +2) [demonic ancestry]
   161 | D:1      | Reached XP level 2. HP: 19/21 MP: 2/2
   417 | D:1      | Found Tucrem's Antique Weapon Emporium.
   483 | D:1      | Reached skill level 1 in Evocations
   842 | D:2      | Found a faded altar of an unknown god.
   901 | D:2      | Reached XP level 3. HP: 26/26 MP: 3/3
   964 | D:2      | Found Idues's Weapon Emporium.
  1561 | D:2      | Reached XP level 4. HP: 32/32 MP: 4/4
  2192 | D:3      | Found a basalt altar of Yredelemnul.
  2264 | D:3      | Reached XP level 5. HP: 14/38 MP: 5/5
  2859 | D:3      | Noticed Natasha
  2863 | D:3      | Killed Natasha
  2869 | D:3      | Incinerated by a bombardier beetle

Illustrated notes

Levels and vault maps discovered:
D:1:      minmay_arrival_three_doors, layout_loops_ring, serial_shops,
          nicolae_lakefront_shop
D:2:      layout_loops_ring, shapermc_ecumenical_altar_ellora, serial_shops,
          nicolae_shop_bloodbath_and_beyond, minmay_misc_feat_x, st_stairs_4
D:3:      kennysheep_big_flooded_room, layout_basic,
          nicolae_yredelemnul_corpse_copse, uniq_natasha

Skill      XL: |  1  2  3  4  5 |
---------------+----------------+-----
Dodging        | 2 3 |  3.1
Evocations     | 1 2 |  2.7
Unarmed Combat | 3 |  3.3
Shapeshifting  | 3 |  3.2
Fighting       | 2 |  2.2

Action                     |  1- 3 |  4- 6 || total
---------------------------+-------+-------++-------
  Melee: Unarmed           |   107 |    12 ||   119
         Spear             |    25 |    57 ||    82
         Punch             |     2 |     4 ||     6
Ability: Begin Untransform |     1 |       ||     1
    Use: Scroll            |     6 |     1 ||     7
         Potion            |     1 |       ||     1
   Stab: Sleeping          |     4 |     1 ||     5
 Armour: Animal skin       |    56 |    36 ||    92
  Dodge: Dodged            |    78 |    28 ||   106
   Form: Beast             |     1 |       ||     1
